 Dungeon Crawl Stone Soup version 0.30-a0-711-gf4ac18a38d (webtiles) character file.

Game seed: 16462724606685195114

42 zinnoa the Vexing (level 3, 17/23 HPs)
             Began as an Octopode Hexslinger on Jan 23, 2023.
             Quit the game on level 2 of the Dungeon.
             The game lasted 00:09:31 (1789 turns).

zinnoa the Vexing (Octopode Hexslinger)             Turns: 1789, Time: 00:09:31

Health: 17/23      AC:  1    Str:  9    XL:     3   Next: 56%
Magic:  1/4        EV: 13    Int: 15    God:
Gold:   61         SH:  0    Dex: 14    Spells: 0/4 levels left

rFire   . . .      SeeInvis .    a - +1 sling
rCold   . . .      Faith    .    (no shield)
rNeg    . . .      Spirit   .    (helmet restricted)
rPois   .          Reflect  .    (no amulet)
rElec   .          Harm     .    (no ring)
rCorr   .          Rampage  .    (no ring)
Will    .....                    (no ring)
Stlth   ++                       (no ring)
HPRegen 0.23/turn                (no ring)
MPRegen 0.09/turn                (no ring)
                                 (no ring)
                                 (no ring)

@: very slightly contaminated
A: almost no armour, amphibious, 8 rings, camouflage 1, gelatinous body 1,
(nimble swimmer 1), tentacles
a: no special abilities


You were on level 2 of the Dungeon.
You visited 1 branch of the dungeon, and saw 2 of its levels.

You collected 61 gold pieces.

Inventory:

Hand Weapons
 a - a +1 sling (weapon)
 d - a +0 dagger of electrocution
Scrolls
 b - a scroll of poison
 e - 5 scrolls of teleportation {unknown}
 g - a scroll of enchant weapon {unknown}
 i - 3 scrolls of identify {unknown}
 k - a scroll of brand weapon {unknown}
 l - 2 scrolls of vulnerability {unknown}
 n - a scroll of noise {unknown}
 o - a scroll of butterflies {unknown}
Potions
 c - a potion of brilliance {unknown}
 f - a potion of ambrosia {unknown}
 h - 2 potions of cancellation {unknown}
 j - 3 potions of curing {unknown}
 m - 2 potions of heal wounds {unknown}


   Skills:
 + Level 1.3 Fighting
 + Level 3.1 Ranged Weapons
 + Level 2.3 Dodging
 + Level 0.1 Stealth
 + Level 1.1 Spellcasting
 + Level 3.3 Hexes


You couldn't memorise any spells.
You knew the following spells:

 Your Spells              Type           Power      Damage    Failure   Level
a - Slow                  Hex            40%        N/A       6%          1
b - Inner Flame           Hex/Fire       5%         N/A       36%         3

Your spell library contained the following spells:

 Spells                   Type           Power      Damage    Failure   Level
 Portal Projectile        Hex/Tloc       10%        N/A       36%         3
 Cause Fear               Hex            5%         N/A       54%         4
 Hailstorm                Conj/Ice       0%         3d3       58%         3
 Ice Form                 Ice/Tmut       0%         N/A       94%         4
 Simulacrum               Ice/Necr       0%         N/A       100%        6


Dungeon Overview and Level Annotations

Branches:
Dungeon (2/15)

Altars:
Trog


Innate Abilities, Weirdness & Mutations

You cannot wear most types of armour.
You are amphibious.
You can wear up to eight rings at the same time.
Your skin changes colour to match your surroundings (Stealth+).
Your rubbery body absorbs attacks. (AC +1, EV +1)
((You are camouflaged when in or above water. (Stealth+)))
You have tentacles for arms and can constrict up to eight enemies at once.


Message History

Really target yourself?
Okay, then.
You start resting.
Your magical contamination has completely faded away.
You start resting.
Magic restored.
You start resting.
HP restored.
Found 3 curare-tipped darts.
You see here 3 curare-tipped darts.
e - 5 scrolls labelled LAGGIR ITUTS (gained 1)
j - 3 grey potions (gained 1)
You see here a +0 whip.
Found 6 stones.
An adder comes into view.
Found a stone staircase leading up.
You see here 6 stones.
Casting: Slow (safe; 6% risk of failure)
Confirm with . or Enter, or press ? or * to list all spells.
The spell is extremely dangerous to miscast (36% risk of failure)!
Continue anyway?
Aiming: Inner Flame (extremely dangerous; 36% risk of failure)
Press: ? - help, Dir - move target, f - adder
Aim: an adder (asleep, chance to affect: 57%)
You miscast Inner Flame.
You are very lightly contaminated with residual magic.
Fire whirls out from your tentacles!
The adder hisses angrily.
Sorry, you're not good enough to have a special ability.
Unknown command.
Casting: Inner Flame (extremely dangerous; 36% risk of failure)
Confirm with . or Enter, or press ? or * to list all spells.
Okay, then.
You shoot a sling bullet.
The sling bullet barely misses the adder.
An adder comes into view.
You shoot a sling bullet.
The sling bullet barely misses the adder.
The adder hisses angrily.
The adder bites you but does no damage.
Are you sure you want to abandon this character and quit the game? (Confirm with "yes".)

#.##.........
#.##########.
#.# .# #'## .
...## #. ....##
####S### .....##
##......#
......#
##...#.#.#######
......+
....<..@S......
......#
#...#.#.#######
.....##
##.#..#.# ....##
#.#.##.# ...##
#......# #'###
###.#### ....#
#.# #.#.# #.#
#.#.# #.#


You could see 2 adders.

Vanquished Creatures
  An adder (D:2)
  3 bats
  4 endoplasms
  A giant cockroach (D:2)
  3 goblins
  A hobgoblin (D:1)
  4 quokkas
  2 ball pythons (D:2)
  2 frilled lizards
  6 kobolds
  6 rats
33 creatures vanquished.

Vanquished Creatures (others)
  6 plants (D:1)
6 creatures vanquished.

Grand Total: 39 creatures vanquished

Notes
Turn   | Place    | Note
-------+----------+-------------------------------------------
     0 | D:1      | zinnoa the Octopode Hexslinger began the quest for the Orb.
     0 | D:1      | Reached XP level 1. HP: 13/13 MP: 2/2
    98 | D:1      | Reached XP level 2. HP: 18/18 MP: 3/3
   912 | D:2      | Reached XP level 3. HP: 17/23 MP: 4/4
   967 | D:2      | Found a bloodstained altar of Trog.
   989 | D:2      | Learned a level 3 spell: Inner Flame
  1789 | D:2      | Quit the game

Illustrated notes

Levels and vault maps discovered:
D:1:      dpeg_arrival_tiny_b, layout_basic, lexackson_kobold_supper
D:2:      layout_loops_corners, basic_altar, kennysheep_generic_room_6

Skill      XL: |  1  2  3 |
---------------+----------+-----
Ranged Weapons | 3 |  3.1
Fighting       | |  1.3
Dodging        | |  2.3
Stealth        | |  0.1
Spellcasting   | |  1.1
Hexes          | |  3.3

Action                     || total
---------------------------++-------
   Fire: Sling             ||   129
   Cast: Slow              ||     8
         Inner Flame       ||     3
 Armour: Skin              ||     9
  Dodge: Dodged            ||    53

Table legend: (Time is in decaauts)
 A = Elapsed time spent in this place.
 B = Non-inter-level travel time spent in this place.
 C = Inter-level travel time spent in this place.
 D = Time resting spent in this place.
 E = Time spent auto-exploring this place.
 F = Levels seen in this place.
 G = Mean time per level.
                   A        B        C        D        E       F      G
               +--------+--------+--------+--------+--------+-----+--------+
         Total |   1827 |   1816 |     11 |    271 |   1199 |   2 |  913.5 |
       Dungeon |   1827 |   1816 |     11 |    271 |   1199 |   2 |  913.5 |
               +--------+--------+--------+--------+--------+-----+--------+

Top non-repeatable levels by time:
     D:2: 964 daAuts
     D:1: 863 daAuts
